 Dungeon Crawl Stone Soup version 0.30.1-4-g462c640d31 (webtiles) character file.

Game seed: 681992471925197904

160 Graphine the Gusty (level 5, -1/33 (38) HPs)
             Began as a Draconian Air Elementalist on Sept 14, 2023.
             Slain by Edmund
             ... wielding a +2 dire flail of draining
              (4 damage)
             ... on level 4 of the Dungeon.
             The game lasted 00:06:22 (3298 turns).

Graphine the Gusty (Draconian Air Elementalist)     Turns: 3298, Time: 00:06:23

HP:   -1/33 (38)    AC:  5    Str: 10    XL:     5   Next: 17%
MP:   7/9           EV: 12    Int: 17    God:
Gold: 199           SH:  5    Dex: 12    Spells: 7/10 levels left

rFire   . . .        q - +0 trident (venom)
rCold   + . .        (no shield)
rNeg    . . .        (body armour unavailable)
rPois   +            (helmet restricted)
rElec   .            (no cloak)
rCorr   .            (no gloves)
SInv    +            (no boots)
Will    .....        f - amulet of Ufis {Reflect Fragile rC+ Slay+6 SH+5 SInv}
Stlth   ++           m - ring of poison resistance
HPRegen 0.25/turn    (no ring)
MPRegen 0.11/turn

%: reflection
@: heavily drained
A: AC +5, unfitting armour, cold-blooded
a: no special abilities


You were on level 4 of the Dungeon.
You visited 1 branch of the dungeon, and saw 4 of its levels.

You collected 199 gold pieces.

Inventory:

Hand Weapons
 q - a +0 trident of venom (weapon)
Jewellery
 c - an amulet of regeneration
 f - the amulet of Ufis (around neck) {Reflect Fragile rC+ Slay+6 SH+5 SInv}
   (You found it on level 2 of the Dungeon)

   [amulet of reflection]

   It reflects blocked missile attacks.
   Slay:      It affects your accuracy & damage with ranged weapons and melee
   (+6).
   rC:        It protects you from cold.
   SInv:      It lets you see invisible.
   Fragile:   It will be destroyed if unequipped.
   SH:        It affects your SH (+5).
 m - a ring of poison resistance (left hand)
Scrolls
 b - 2 scrolls of teleportation
 d - a scroll of magic mapping {unknown}
 j - a scroll of brand weapon
 l - a scroll of fog
 s - 2 scrolls of enchant weapon {unknown}
Potions
 e - a potion of mutation {unknown}
 g - 2 potions of berserk rage {unknown}
 h - 2 potions of heal wounds {unknown}
 i - 2 potions of lignification {unknown}
 k - 4 potions of brilliance
 n - a potion of attraction {unknown}
 o - 2 potions of curing {unknown}
 p - a potion of resistance {unknown}
 r - a potion of haste {unknown}
 t - a potion of experience {unknown}


   Skills:
 - Level 1.7 Dodging
 - Level 1.7 Stealth
 + Level 3.2 Spellcasting
 + Level 3.0 Conjurations
 + Level 4.1 Air Magic


You had 7 spell levels left.
You knew the following spells:

 Your Spells              Type           Power      Damage    Failure   Level
a - Shock                 Conj/Air       60%        1d6       3%          1
b - Static Discharge      Conj/Air       30%        2-4/arc   6%          2

Your spell library contained the following spells:

 Spells                   Type           Power      Damage    Failure   Level
 Swiftness                Air            16%        N/A       10%         3
 Airstrike                Air            8%         2d(2-18)  30%         4


Dungeon Overview and Level Annotations

Branches:
Dungeon (4/15)
 Temple: D:4-7

Altars:
Cheibriados
Hepliaklqana

Shops:
D:2 (

Annotations:
D:4 Edmund


Innate Abilities, Weirdness & Mutations

Your plain brown scales are hard. (AC +5)
You cannot fit into any form of body armour.
You are cold-blooded and may be slowed by cold attacks.


Message History

You are struck by an arc of lightning.
Edmund is struck by an arc of lightning.
Edmund is severely wounded.
The lightning grounds out.
The adder hisses angrily.
Edmund hits you with a +2 dire flail of draining!
You feel drained.
Unknown command.
Casting: Static Discharge (safe; 6% risk of failure)
Confirm with . or Enter, or press ? or * to list all spells.
Edmund is struck by an arc of lightning.
Edmund is severely wounded.
You are struck by an arc of lightning.
The lightning grounds out.
Edmund closely misses you.
Unknown command.
Unknown command.
Casting: Static Discharge (safe; 6% risk of failure)
Confirm with . or Enter, or press ? or * to list all spells.
You don't have enough magic to cast this spell.
Unknown command.
Casting: Static Discharge (safe; 6% risk of failure)
Confirm with . or Enter, or press ? or * to list all spells.
Aiming: Shock (safe; 3% risk of failure)
Press: ? - help, Shift-Dir - straight line, p - Edmund You can't see that place. [the floor.]
Okay, then.
Magic courses through your body. Edmund closely misses you.
Casting: Shock (safe; 3% risk of failure)
Confirm with . or Enter, or press ? or * to list all spells.
Edmund is struck by an arc of lightning.
Edmund is almost dead.
You are struck by an arc of lightning.
Edmund is struck by an arc of lightning.
Edmund is almost dead.
The lightning grounds out.
Edmund hits you with a +2 dire flail of draining!
* * * LOW HITPOINT WARNING * * *
You feel drained.
You die...

#.# ##.##.####.# #.# #
#.# #..........# #+# #.#
#..##..##..#
###.######..###.##..#
#..>.....#....[.....#
##....###(##.........###
...................S...'
##....###.######.@..##
#.#..# #.# #@#.##
#.##.###.# #.# #
#..<.....# #.#
####.##### #.# #+# #.#
#.##### #.# #.# #.....#
#.# #.# #####.# ##.##
#.# #.# ##...## #.# #.#
#.....#


You could see Edmund and an adder.

Vanquished Creatures
  An iguana (D:4)
  An orc wizard (D:3)
  3 adders
  A worm (D:3)
  2 dart slugs
  7 orcs
  5 endoplasms
  4 giant cockroaches
  2 goblins
  5 hobgoblins
  6 jackals
  8 kobolds
  4 quokkas
  4 ball pythons
  5 bats
  3 frilled lizards
  4 rats
65 creatures vanquished.

Notes
Turn   | Place    | Note
-------+----------+-------------------------------------------
     0 | D:1      | Graphine the Draconian Air Elementalist began the quest for
                  | the Orb.
     0 | D:1      | Reached XP level 1. HP: 14/14 MP: 3/3
   206 | D:1      | Reached XP level 2. HP: 20/20 MP: 1/5
   876 | D:1      | Found a snail-covered altar of Cheibriados.
   904 | D:2      | Identified the amulet of Ufis {Reflect Fragile rC+ Slay+6
                  | SH+5 SInv}
   926 | D:2      | Found Tuuf Pegu's Antique Weapon Boutique.
  1147 | D:2      | Reached XP level 3. HP: 18/26 MP: 0/6
  1703 | D:3      | Reached XP level 4. HP: 33/33 MP: 1/8
  2416 | D:3      | Reached skill level 4 in Air Magic
  2742 | D:3      | Found a hazy altar of Hepliaklqana.
  2862 | D:4      | Learned a level 2 spell: Static Discharge
  2896 | D:4      | Noticed Edmund
  3067 | D:4      | Reached XP level 5. HP: 20/35 MP: 1/9
  3298 | D:4      | Slain by Edmund

Illustrated notes

Levels and vault maps discovered:
D:1:      dpeg_arrival_lava_altar, layout_basic, minmay_worlds_worst_comb
D:2:      layout_basic, serial_shops, shop_statue
D:3:      minmay_chambers_of_threes, layout_loops_ring,
          nicolae_hepliaklqana_hippocampus, due_unseen_surprise
D:4:      layout_loops_corners, uniq_edmund, uniq_sigmund

Skill      XL: |  1  2  3  4 |
---------------+-------------+-----
Conjurations   | 2 3 |  3.0
Spellcasting   | 3 |  3.2
Air Magic      | 4 |  4.1
Dodging        | |  1.7
Stealth        | |  1.7

Action                     |  1- 3 |  4- 6 || total
---------------------------+-------+-------++-------
  Melee: Unarmed           |     4 |       ||     4
         Tailslap          |     2 |     3 ||     5
         Dagger            |    24 |       ||    24
         Trident           |       |    31 ||    31
         Punch             |       |     2 ||     2
   Cast: Shock             |    68 |    42 ||   110
         Static Discharge  |       |     8 ||     8
    Use: Scroll            |     4 |     1 ||     5
         Potion            |       |     1 ||     1
 Armour: Skin              |    14 |    10 ||    24
  Dodge: Dodged            |    26 |    17 ||    43
  Block: Other             |     9 |     6 ||    15
